 Dungeon Crawl Stone Soup version 0.21-a0-50-g941c862 (webtiles) character file.

63 graymark the Skirmisher (level 3, -2/28 HPs)
             Began as a Demonspawn Wanderer on June 11, 2017.
             Was an Initiate of Ashenzari.
             Slain by an orc
             ... wielding a +0 short sword
              (6 damage)
             ... on level 3 of the Dungeon.
             The game lasted 00:08:34 (2032 turns).

graymark the Skirmisher (Demonspawn Wanderer)       Turns: 2032, Time: 00:08:35

Health: -2/28      AC:  2    Str: 10    XL:     3   Next: 89%
Magic:  6/6        EV: 11    Int: 13    God:    Ashenzari [......]
Gold:   113        SH:  0    Dex: 15    Spells: 7/7 levels left

rFire    . . .     SeeInvis .   a - +2 shortbow
rCold    . . .     Gourm    .   (shield currently unavailable)
rNeg     . . .     Faith    .   e - +0 robe (curse)
rPois    .         Spirit   .   (no helmet)
rElec    .         Reflect  .   (no cloak)
rCorr    .         Harm     .   (no gloves)
MR       .....                  (no boots)
Stlth    ++........             (no amulet)
Regen    0.1/turn               (no ring)
MPRegen  0.1/turn               (no ring)

@: no status effects
A: rot immunity, sturdy frame 1
a: Curse Item, Renounce Religion


You were on level 3 of the Dungeon.
You worshipped Ashenzari.
Ashenzari was noncommittal.
You were very hungry.

You visited 1 branch of the dungeon, and saw 3 of its levels.

You collected 113 gold pieces.

Inventory:

Hand Weapons
 a - a +2 shortbow (weapon)
 l - a +0 short sword
Missiles
 b - an arrow (quivered)
 n - 15 bolts
Armour
 e - a cursed +0 robe (worn)
Scrolls
 h - a scroll of magic mapping {unknown}
 k - a scroll of fog
 o - a scroll of enchant weapon {unknown}
 p - a scroll of identify {unknown}
 t - a scroll of teleportation {unknown}
Potions
 d - a potion of lignification
 g - a potion of agility {unknown}
 i - a potion of magic {unknown}
 q - a potion of cancellation {unknown}
 s - a potion of mutation {unknown}
Books
 c - the Tome of Contamination

   Spells                             Type                      Level
   a - Sting                          Conjuration/Poison           1
   b - Ignite Poison                  Fire/Transmutation/Poison    3
Comestibles
 f - 3 bread rations
 j - a chunk of flesh
 m - a meat ration


   Skills:
 + Level 2.8 Fighting
 + Level 2.0 Bows
 + Level 1.7 Stealth
   Level 1.0 Shields
 + Level 2.5 Spellcasting
   Level 1.7 Charms
   Level 1.0 Air Magic


You had 7 spell levels left.
You didn't know any spells.

Dungeon Overview and Level Annotations

Branches:
Dungeon (3/15)

Altars:
Ashenzari

Annotations:
D:3 anet's ghost, amateur DEWz


Innate Abilities, Weirdness & Mutations

You are immune to rotting.
Your movements are slightly less encumbered by armour. (ER -2)


Message History

You shoot an arrow.
The arrow hits the orc but does no damage.
The orc is severely wounded.
The orc hits you with a short sword.
* * * LOW HITPOINT WARNING * * *
The orc hits you with a short sword.
* * * LOW HITPOINT WARNING * * *
Firing (i - inventory):
b - 3 arrows (quivered)
Press: ? - help, Shift-Dir - straight line, f/p - orc
Aim: an orc, wielding a short sword and wearing a chain mail (heavily wounded)
You shoot an arrow. The arrow completely misses the orc.
The orc barely misses you.
Firing (i - inventory):
b - 2 arrows (quivered)
Press: ? - help, Shift-Dir - straight line, f/p - orc
Aim: an orc, wielding a short sword and wearing a chain mail (heavily wounded)
You shoot an arrow.
The arrow hits the orc but does no damage.
The orc is heavily wounded.
The orc hits you with a short sword.
You die...

##.....###....#.....))).......
##...##...#####.##.####..(...
#.#.#..### #.##.####......
#.#...# #.##...###..... #....#
######.####.# ##.... #.$...
.........##.## #.... ##
##....#.....####...
####...<.####........#
#....@.........####...
#...#o..#####...# ##.. #..
##.## #.#...#... #. ..$#
#..##.#.#. .. .##.. ##.##...#.
.# #. .[.. ........ # #...
...##.... #.### .........
##.##....


You could see an orc.

Vanquished Creatures
  An adder (D:3)
  An ooze (D:2)
  A dart slug (D:2)
  A leopard gecko (D:1)
  4 orcs (D:3)
  6 bats
  3 giant cockroaches (D:2)
  A goblin (D:1)
  5 hobgoblins
  4 jackals (D:1)
  4 kobolds
  A quokka (D:2)
  2 ball pythons (D:3)
  2 frilled lizards
  2 rats (D:1)
38 creatures vanquished.

Notes
Turn   | Place    | Note
-------+----------+-------------------------------------------
     0 | D:1      | graymark the Demonspawn Wanderer began the quest for the Orb.
     0 | D:1      | graymark set off with: a +2 shortbow, 25 arrows, the Tome of Contamination, a potion of lignification, a +0 robe, a bread ration
     0 | D:1      | Reached XP level 1. HP: 16/16 MP: 3/3
     0 | D:1      | Identified the Tome of Contamination
   305 | D:1      | Gained mutation: Your movements are slightly less encumbered by armour. (ER -2) [demonic ancestry]
   305 | D:1      | Reached XP level 2. HP: 22/22 MP: 5/5
  1233 | D:2      | Gained mutation: You are immune to rotting. [demonic ancestry]
  1233 | D:2      | Reached XP level 3. HP: 28/28 MP: 6/6
  1349 | D:2      | Found a shattered altar of Ashenzari.
  1352 | D:2      | Became a worshipper of Ashenzari the Shackled
  1554 | D:3      | Noticed anet's ghost (amateur DEWz)
  2032 | D:3      | Slain by an orc

Vault maps used:
D:1:      dpeg_arrival_refuge, hex_large, minmay_misc_feat_nine_boxes
D:2:      lemuel_doored_altar, first_bread, minmay_door_square
D:3:      st_stairs_3

Skill      XL: |  1  2  3 |
---------------+----------+-----
Bows           | 2 |  2.0
Fighting       | |  2.8
Stealth        | |  1.7
Shields        | |  1.0
Spellcasting   | |  2.5
Charms         | |  1.7
Air Magic      | |  1.0

Action                   || total
-------------------------++-------
Melee: Short sword       ||     4
 Fire: Shortbow          ||   112
Invok: Curse Item        ||     1
  Use: Scroll            ||     4
 Stab: Sleeping          ||     1
  Eat: Chunk             ||     2
Armor: Robe              ||     4
Dodge: Dodged            ||    32
